 Dungeon Crawl Stone Soup version 0.28-a0-1447-ga5a8893891 (webtiles) character file.

Game seed: 15923779793822814012

109 lonewolfV2 the Chopper (level 4, -2/33 HPs)
             Began as a Demonspawn Gladiator on Jan 10, 2022.
             Slain by a gnoll shaman (12 damage)
             ... on level 3 of the Dungeon.
             The game lasted 00:02:42 (2285 turns).

lonewolfV2 the Chopper (Demonspawn Gladiator)       Turns: 2285, Time: 00:02:42

Health: -2/33      AC:  4    Str: 18    XL:     4   Next: 60%
Magic:  4/4        EV: 12    Int: 10    God:
Gold:   108        SH:  4    Dex: 12    Spells: 3/3 levels left

rFire   x . .      SeeInvis .   l - +0 hand axe (freeze)
rCold   + . .      Faith    .   (no shield)
rNeg    . . .      Spirit   .   b - +0 leather armour
rPois   .          Reflect  .   c - +0 helmet
rElec   .          Harm     .   (no cloak)
rCorr   .          Rampage  .   (no gloves)
Will    .....                   (no boots)
Stlth   +.........              (no amulet)
HPRegen 0.11/turn               k - ring of ice
MPRegen 0.18/turn               (no ring)

@: no status effects
A: magic regeneration, large bone plates 1, clumsy 1, strong 1
a: no special abilities


You were on level 3 of the Dungeon.
You visited 1 branch of the dungeon, and saw 3 of its levels.

You collected 108 gold pieces.

Inventory:

Hand Weapons
 a - a +0 war axe
 l - a +0 hand axe of freezing (weapon)
Missiles
 d - 3 throwing nets (quivered)
Armour
 b - a +0 leather armour (worn)
 c - a +0 helmet (worn)
Jewellery
 f - an amulet of regeneration
 k - a ring of ice (left hand)
Scrolls
 e - a scroll of amnesia
 g - a scroll of vulnerability {unknown}
 h - a scroll of fog {unknown}
 n - a scroll of teleportation {unknown}


   Skills:
 + Level 2.2 Fighting
 + Level 3.7 Axes
 + Level 1.8 Throwing
 + Level 1.2 Armour
 + Level 3.6 Dodging
 + Level 0.1 Stealth


You had 3 spell levels left.
You didn't know any spells.
Your spell library was empty.

Dungeon Overview and Level Annotations

Branches:
Dungeon (3/15)

Altars:
Wu Jian


Innate Abilities, Weirdness & Mutations

You regenerate magic rapidly.
You are partially covered in large bone plates. (SH +4)
You are clumsy. (Dex -2)
Your muscles are strong. (Str +2)


Message History

Items here: ( ))))) [[ ÷÷ †.
Items here: ( ))))) [[ ÷÷ †.
Things that are here:
a +0 dagger; a stone; a kobold corpse
Items here: ( ))))) [[ ÷÷ †.
There is a stone staircase leading down here.
Found a stone staircase leading down.
There is a stone staircase leading down here.
f - an amulet of regeneration You enter the shallow water.
Moving in this stuff is going to be slow.
g - a scroll labelled ZUAVIRR KIQIAL
Found an ornate altar of the Wu Jian Council.
A gnoll comes into view. It is wielding a +0 spear.
Found a leather armour.
The gnoll shouts!
You hear a shout!
A gnoll is nearby!
A gnoll is nearby!
A gnoll is nearby!
A gnoll shaman, a gnoll and an orc come into view.
The gnoll is wielding a +0 whip of pain.
The gnoll shaman shouts!
The orc shouts!
A gnoll comes into view. It is wielding a +0 club.
The gnoll moves out of view.
The gnoll shouts!
The gnoll misses you. The orc closely misses you.
The gnoll hits you from afar with a +0 spear!
You hit the orc. You freeze the orc.
You kill the orc!
You barely miss the gnoll. You hit the gnoll shaman.
You freeze the gnoll shaman. The gnoll hits you with a +0 club.
The gnoll closely misses you. The gnoll shaman barely misses you.
The gnoll hits you with a +0 club.
You closely miss the gnoll. You hit the gnoll. You freeze the gnoll.
You completely miss the gnoll shaman.
The gnoll hits you with a +0 whip of pain!
The gnoll hits you but does no damage.
The gnoll shaman hits you with a +0 whip!
You die...

##..# ............#..#....^....≈≈
.#..#.. ♣........#........≈≈....
.#...# ♣♣..##...####.....≈..≈≈..
)#...# ....##...# #.....≈....≈≈
..## ........## #......≈≈⌠...
#..###.##.....##.# #.......⌠≈≈..
#........##.##...# ##...≈≈....≈.
............#....# #..≈..≈≈..≈.
.#.....#### #...@#####..≈....≈≈..
.#.....# ####..ggg..##...≈≈......
.#..............g...##....≈≈.....
.#.................[##.###≈≈≈≈≈≈#
##.......$..........# ##≈≈≈≈## #
..................# ##### #
..........## # .##.......# #
#.......# #


You could see a gnoll shaman and 3 gnolls.

Vanquished Creatures
  A bullfrog skeleton (D:2)
  An orc wizard (D:3)
  An adder (D:3)
  7 orcs (D:3)
  3 endoplasms (D:1)
  4 giant cockroaches
  2 goblins
  2 hobgoblins
  2 kobolds
  A quokka (D:1)
  8 ball pythons
  2 bats (D:2)
  3 frilled lizards
  6 rats
43 creatures vanquished.

Notes
Turn   | Place    | Note
-------+----------+-------------------------------------------
     0 | D:1      | lonewolfV2 the Demonspawn Gladiator began the quest for the
                  | Orb.
     0 | D:1      | Reached XP level 1. HP: 16/16 MP: 1/1
   325 | D:1      | Gained mutation: You regenerate magic rapidly. [demonic
                  | ancestry]
   325 | D:1      | Reached XP level 2. HP: 18/22 MP: 2/2
  1207 | D:2      | Reached XP level 3. HP: 14/27 MP: 3/3
  1594 | D:3      | Found a faded altar of an unknown god.
  1983 | D:3      | Reached XP level 4. HP: 15/33 MP: 4/4
  1989 | D:3      | Reached skill level 1 in Armour
  1989 | D:3      | Gained mutation: You are somewhat resistant to further
                  | mutation. [potion of mutation]
  2014 | D:3      | Lost mutation: You are somewhat resistant to further
                  | mutation. [potion of mutation]
  2014 | D:3      | Gained mutation: Your muscles are strong. (Str +2) [potion
                  | of mutation]
  2014 | D:3      | Gained mutation: You are partially covered in large bone
                  | plates. (SH +4) [potion of mutation]
  2014 | D:3      | Gained mutation: You are clumsy. (Dex -2) [potion of
                  | mutation]
  2265 | D:3      | Found an ornate altar of the Wu Jian Council.
  2285 | D:3      | Slain by a gnoll shaman

Illustrated notes

Levels and vault maps discovered:
D:1:      minmay_arrival_diagonal_passages, layout_basic
D:2:      layout_basic
D:3:      cheibrodos_helix_gallery, layout_basic, nicolae_wu_jian_wuxing_cycle,
          nicolae_ecumenical_pavilion

Skill      XL: |  1  2  3  4 |
---------------+-------------+-----
Dodging        | 3 |  3.6
Axes           | 3 |  3.7
Armour         | 1 |  1.2
Fighting       | |  2.2
Throwing       | |  1.8
Stealth        | |  0.1

Action                   |  1- 3 |  4- 6 || total
-------------------------+-------+-------++-------
Melee: War axe           |    71 |       ||    71
       Hand axe          |    18 |    24 ||    42
  Use: Scroll            |     4 |       ||     4
       Potion            |       |     7 ||     7
Armor: Leather armour    |    37 |     6 ||    43
       Skin              |       |     3 ||     3
Dodge: Dodged            |    85 |     9 ||    94

Table legend: (Time is in decaauts)
 A = Elapsed time spent in this place.
 B = Non-inter-level travel time spent in this place.
 C = Inter-level travel time spent in this place.
 D = Time resting spent in this place.
 E = Time spent auto-exploring this place.
 F = Levels seen in this place.
 G = Mean time per level.
                   A        B        C        D        E       F      G
               +--------+--------+--------+--------+--------+-----+--------+
         Total |   2315 |   2288 |     27 |    174 |   1656 |   3 |  771.7 |
       Dungeon |   2315 |   2288 |     27 |    174 |   1656 |   3 |  771.7 |
               +--------+--------+--------+--------+--------+-----+--------+

Top non-repeatable levels by time:
     D:1: 870 daAuts
     D:2: 748 daAuts
     D:3: 696 daAuts
